Map: 이페머론 - 래더

Players

Clem - Winner!

  • Race: Terran Terran
  • League: Master
  • Spawn Location: 11:00

llllllllllll (Trap)

  • Race: Protoss Protoss
  • League: Master
  • Spawn Location: 5:00

Event: HomeStory Cup XX

VOD

Have the link to the VOD?

Description

Time

  • Played on: Nov. 23, 2019, 1:35 p.m.
  • Length: 13:58

All games in this series

Show
View Real Time Build Order
Export as new Build Order

Clem Terran - Winner!

Build Orders: Reaper Expand 

Get SALT Encoding   

  12  0:00  SCV  
  13  0:12  SCV  
  14  0:17  Supply Depot  
  14  0:25  SCV  
  15  0:38  SCV  
  15  0:39  Barracks  
  16  0:44  Refinery  
  16  0:50  SCV  
  17  1:02  SCV  
  18  1:14  SCV  
  19  1:26  Reaper  
  19  1:27  Orbital Command  
  20  1:43  Command Center  
  20  1:50  Supply Depot  
  21  1:54  SCV  
  21  1:58  Marine  
  22  2:06  SCV  
  23  2:11  Factory  
  23  2:18  SCV  
  23  2:21  Barracks Reactor  
  24  2:23  Refinery  
  24  2:30  SCV  
  25  2:42  SCV  
  26  2:56  Orbital Command  
  26  2:57  Starport, SCV  
  26  2:58  Marine x2, Widow Mine  
  30  3:09  SCV  
  31  3:16  Marine x2  
  31  3:19  Widow Mine  
  35  3:22  SCV  
  35  3:23  SCV  
  35  3:25  Supply Depot  
  37  3:33  Medivac  
  39  3:34  Marine, SCV  
  39  3:35  SCV  
  39  3:36  Marine  
  39  3:41  Widow Mine  
  45  3:46  SCV  
  45  3:48  Barracks  
  45  3:49  SCV  
  45  3:51  Supply Depot  
  45  3:53  Marine x2  
  48  4:00  Barracks  
  48  4:01  SCV  
  49  4:03  SCV  
  48  4:11  Widow Mine, Medivac  
  48  4:12  Marine x2  
  48  4:14  SCV  
  54  4:17  SCV  
  52  4:26  SCV  
  52  4:27  Engineering Bay  
  52  4:29  SCV  
  54  4:33  Marine  
  54  4:34  Marine  
  54  4:35  Bunker  
  54  4:37  Barracks Tech Lab  
  54  4:38  Factory Tech Lab  
  56  4:40  SCV  
  57  4:47  SCV  
  56  4:54  Terran Infantry Weapons Level 1  
  56  4:55  SCV  
  56  4:57  Refinery x2, Supply Depot  
  55  5:00  Stimpack  
  55  5:01  Marauder, Starport Reactor  
  55  5:02  SCV  
  55  5:06  Combat Shield  
  56  5:11  Marine x2  
  56  5:12  Marauder  
  60  5:16  Supply Depot  
  60  5:17  SCV x2  
  62  5:24  Factory Reactor  
  62  5:25  Marauder  
  62  5:28  Supply Depot  
  62  5:31  SCV x2  
  62  5:33  Marine x2, Marauder  
  68  5:37  Supply Depot  
  68  5:43  SCV x2  
  67  5:51  Marauder  
  67  5:52  Marine  
  67  5:53  Marine  
  67  5:54  Marauder  
  67  5:56  Medivac x2  
  73  5:58  SCV  
  73  6:03  Supply Depot  
  73  6:05  Widow Mine x2  
  77  6:14  Marine x2  
  77  6:15  Command Center  
  77  6:18  Marauder  
  81  6:21  Supply Depot  
  81  6:25  Marauder  
  81  6:28  Widow Mine  
  81  6:29  Widow Mine  
  81  6:31  Medivac  
  81  6:32  Medivac  
  88  6:41  Marine x2  
  88  6:43  Barracks  
  88  6:44  Marauder  
  88  6:45  Barracks  
  88  6:50  Marauder  
  88  6:54  Widow Mine x2  
  88  6:56  Terran Infantry Armor Level 1  
  88  6:57  Concussive Shells  
  88  7:00  Marine x2  
  94  7:07  SCV x2  
  94  7:10  Marauder  
  94  7:13  Medivac x2  
  94  7:19  Marine x2, SCV  
  94  7:22  Marauder  
  97  7:27  SCV  
  98  7:31  Widow Mine, Supply Depot, SCV  
  98  7:32  Barracks Tech Lab  
  98  7:34  Barracks Reactor  
  101  7:39  Marine x2, SCV  
  101  7:44  Orbital Command  
  104  7:46  SCV  
  105  7:56  Marauder x2  
  106  7:59  Marine x2  
  106  8:00  SCV  
  106  8:01  SCV  
  101  8:06  Marauder  
  103  8:13  SCV x2  
  103  8:16  Marine x2  
  103  8:17  Marauder x2  
  103  8:18  Liberator x2, SCV  
  107  8:24  Ghost Academy  
  107  8:25  SCV  
  107  8:26  Marine x2  
  99  8:27  Marauder  
  99  8:29  Widow Mine x2  
  100  8:37  SCV x2  
  100  8:39  Marauder  
  109  8:42  SCV  
  109  8:44  Marine x2  
  109  8:45  Marauder  
  114  8:50  Supply Depot, SCV x2  
  114  8:54  SCV  
  117  9:00  Widow Mine x2  
  117  9:01  Marine x2, Marauder  
  125  9:03  SCV  
  125  9:04  Supply Depot  
  125  9:05  SCV  
  125  9:06  SCV  
  125  9:07  Marine  
  125  9:08  Marine  
  130  9:10  Ghost  
  130  9:13  Ghost  
  130  9:15  SCV  
  134  9:17  SCV  
  134  9:20  Supply Depot  
  134  9:22  Barracks x2  
  134  9:23  Barracks  
  135  9:27  Marine x4  
  135  9:30  Ghost  
  141  9:34  Supply Depot, SCV x2  
  141  9:35  Supply Depot  
  141  9:36  SCV  
  144  9:41  Ghost  
  144  9:44  Marine, Refinery  
  144  9:45  Marine, Supply Depot  
  148  9:49  Marine x2  
  148  9:52  Marine  
  149  9:54  Widow Mine  
  149  9:59  Widow Mine, Marauder  
  152  10:02  Marauder  
  152  10:03  Marine  
  155  10:09  Ghost  
  155  10:10  Marine x2  
  155  10:12  Barracks Tech Lab, Barracks Reactor  
  155  10:13  Barracks Tech Lab  
  152  10:16  Supply Depot  
  152  10:17  Marine  
  152  10:20  Marine, Engineering Bay, Armory  
  154  10:22  Widow Mine  
  154  10:23  Marauder  
  154  10:26  Medivac  
  153  10:31  Marine x2  
  153  10:32  Marauder  
  153  10:35  Marine  
  136  10:36  Widow Mine  
  136  10:37  Marine, Marauder  
  136  10:42  Marine  
  135  10:44  Marauder  
  135  10:45  Marauder  
  134  10:53  Marine x4  
  134  10:54  Marauder  
  138  10:58  Widow Mine x2  
  138  10:59  Marauder  
  138  11:01  Marauder  
  136  11:06  Marine x2  
  130  11:11  Marine  
  130  11:14  Marauder x2  
  130  11:15  Marine x2  
  133  11:20  Widow Mine  
  133  11:24  Marine x2  
  133  11:25  Marauder x2, Widow Mine  
  141  11:26  Marine x2  
  141  11:33  Marine  
  141  11:35  Marauder x2  
  144  11:40  Marine x2  
  144  11:41  Widow Mine  
  144  11:42  Marauder  
  144  11:46  Marauder x2  
  152  11:50  Liberator  
  152  11:51  Marine, Liberator  
  153  11:56  Marine x2  
  153  11:58  Marine  
  153  11:59  Marine, Marauder  
  156  12:02  Marine  
  156  12:03  Marine  
  157  12:13  Ghost  
  162  12:20  Widow Mine x2, Marine  
  162  12:21  Marine  
  147  12:27  Marine x4  
  147  12:28  Marauder  
  136  12:38  Marine  
  136  12:39  Marauder  
  136  12:41  Widow Mine  
  133  12:44  Marine x2  
  133  12:45  Marauder  
  137  12:56  Marauder  
  137  12:58  Command Center  
  137  12:59  Widow Mine, Marine, Marauder  
  137  13:01  Marine  
  137  13:07  Marine x2  
  137  13:10  Medivac  
  136  13:13  Medivac  
  136  13:15  Widow Mine  
  136  13:18  Marine x2, Orbital Command  
  136  13:19  Marine  
  142  13:22  Marauder  
  133  13:27  Marine x2  
  133  13:29  Marine x2  
  133  13:33  Marine  
Show
View Real Time Build Order
Export as new Build Order

llllllllllll Protoss 

Build Orders: 1 Gate Expand, Blink Stalkers 

Get SALT Encoding   

  12  0:00  Probe  
  13  0:12  Probe  
  14  0:17  Pylon  
  14  0:24  Probe  
  15  0:32  Probe  
  15  0:35  Gateway  
  15  0:41  Probe  
  16  0:43  Assimilator  
  17  0:52  Probe  
  18  1:04  Probe  
  19  1:16  Probe  
  20  1:24  Nexus  
  20  1:33  Cybernetics Core  
  20  1:36  Probe  
  21  1:43  Assimilator  
  21  1:48  Probe  
  21  1:52  Pylon  
  22  2:00  Adept, Probe  
  23  2:09  Warp Gate  
  23  2:12  Probe  
  26  2:21  Stalker  
  26  2:24  Probe  
  26  2:29  Twilight Council  
  27  2:33  Probe  
  27  2:36  Probe  
  30  2:41  Probe  
  30  2:46  Blink  
  30  2:48  Probe  
  32  2:51  Probe  
  32  2:55  Stalker  
  35  3:01  Probe  
  35  3:03  Probe  
  37  3:13  Probe  
  37  3:15  Probe  
  39  3:20  Robotics Facility  
  39  3:23  Pylon  
  39  3:25  Probe  
  40  3:27  Probe  
  41  3:37  Probe  
  41  3:39  Probe  
  43  3:46  Nexus  
  43  3:49  Nexus  
  43  3:55  Probe x2  
  45  4:01  Stalker  
  47  4:07  Probe  
  47  4:08  Probe  
  49  4:18  Observer  
  49  4:20  Probe x2  
  50  4:27  Gateway x2  
  50  4:30  Stalker  
  52  4:32  Assimilator  
  52  4:34  Pylon  
  52  4:35  Pylon  
  52  4:36  Forge  
  52  4:39  Probe  
  52  4:40  Pylon  
  52  4:41  Probe  
  54  4:51  Probe  
  53  4:53  Probe  
  53  4:54  Stalker  
  53  4:59  Protoss Ground Armor Level 1, Observer  
  57  5:04  Charge  
  57  5:05  Probe x3  
  60  5:15  Gateway  
  60  5:17  Gateway  
  60  5:20  Observer  
  61  5:23  Gateway  
  61  5:28  Probe x3  
  61  5:32  Gateway  
  53  5:36  Probe x3  
  56  5:44  Probe x3  
  57  5:55  Probe x3  
  60  5:59  Stalker x2  
  60  6:00  Stalker  
  60  6:01  Warp Prism  
  66  6:07  Probe x3  
  69  6:16  Sentry x2  
  75  6:19  Gateway  
  75  6:23  Probe x3  
  78  6:28  Sentry  
  78  6:29  Zealot  
  78  6:32  Pylon  
  82  6:34  Pylon  
  82  6:38  Stalker x2  
  84  6:49  Zealot x4  
  90  7:00  Pylon, Stalker  
  90  7:01  Stalker  
  94  7:03  Pylon, Stalker  
  94  7:05  Protoss Ground Armor Level 2  
  90  7:12  Immortal  
  90  7:20  Zealot x3  
  90  7:21  Zealot  
  90  7:22  Probe x3  
  101  7:31  Photon Cannon  
  101  7:36  Zealot x3  
  107  7:38  Zealot  
  107  7:43  Assimilator  
  109  7:44  Assimilator  
  109  7:45  Zealot  
  109  7:54  Zealot x3  
  109  7:56  Zealot x2  
  115  8:09  Zealot x3  
  115  8:14  Zealot x2  
  115  8:15  Zealot  
  115  8:19  Zealot x2  
  117  8:25  Immortal  
  99  8:43  Templar Archives  
  99  8:46  Zealot x8  
  113  8:53  Forge  
  113  8:57  Nexus  
  113  8:59  Pylon  
  113  9:01  Psionic Storm  
  113  9:09  Zealot  
  115  9:15  Zealot x4  
  115  9:16  Probe x2  
  125  9:17  Probe  
  125  9:23  Pylon  
  126  9:28  Protoss Ground Weapons Level 1  
  126  9:30  Pylon  
  126  9:35  High Templar x4  
  132  9:41  Pylon  
  132  9:42  Pylon  
  132  9:44  Zealot x3  
  132  9:45  High Templar  
  130  10:11  Zealot x3  
  130  10:12  Zealot x4  
  130  10:13  Probe x3  
  133  10:17  Probe  
  134  10:25  Probe x2  
  134  10:28  Archon  
  111  10:36  Immortal  
  111  10:40  Zealot x8  
  91  11:03  Zealot x8  
  100  11:09  Immortal  
  102  11:23  Stalker x4  
  104  11:33  High Templar x3  
  104  11:34  High Templar  
  104  11:37  Immortal  
  110  11:40  Archon x2  
  104  11:47  Stalker x4  
  112  12:07  Stalker x4  
  103  12:10  Sentry  
  103  12:11  Sentry x2  
  103  12:12  Zealot  
  97  12:26  Immortal  
  99  12:33  Zealot x5  
  85  12:47  Robotics Bay  
  85  12:50  Sentry, Zealot x2  
  91  12:53  Robotics Facility  
  91  13:00  Sentry  
  91  13:01  Sentry, Zealot x3  
  93  13:17  Zealot  
  95  13:20  Stalker x2  
  95  13:22  Zealot x3  
  96  13:29  Stalker  
  96  13:30  Stalker  
  61  13:43  Stalker x2  
  61  13:45  Stalker  
Tags
 
Add a new tag
Caveats
  • Supply blocks, unpowered buildings, or Contaminate may cause inaccurate times.
  • Supply counts are checked every 10 seconds.